Map: Baie du Roi EC

Players

Sorandom - Winner!

  • Race: Zerg Zerg
  • League: Diamond
  • Spawn Location: 11:00

Okejka

  • Race: Protoss Protoss
  • League: Diamond
  • Spawn Location: 5:00

VOD

Have the link to the VOD?

Description

Time

  • Played on: April 5, 2019, 5:25 a.m.
  • Length: 11:43
Show
View Real Time Build Order
Export as new Build Order

Sorandom Zerg - Winner!

Build Orders: Pool First 

Get SALT Encoding   

  12  0:01  Drone  
  13  0:08  Drone  
  14  0:18  Overlord  
  14  0:27  Drone, Extractor  
  14  0:30  Extractor  
  14  0:31  Drone  
  16  0:38  Drone  
  17  0:50  Spawning Pool  
  17  0:51  Drone  
  17  0:56  Extractor  
  16  0:57  Drone  
  17  1:06  Drone  
  18  1:19  Drone  
  19  1:33  Hatchery  
  19  1:39  Queen  
  20  1:44  Zergling x2  
  21  1:50  Drone  
  22  1:59  Metabolic Boost  
  22  2:02  Overlord  
  22  2:20  Queen  
  24  2:24  Drone x3  
  27  2:35  Drone  
  28  2:45  Overlord  
  28  2:50  Zergling x2  
  28  2:53  Lair  
  28  2:54  Drone x2  
  30  3:00  Drone  
  30  3:01  Drone  
  32  3:09  Drone x2  
  34  3:16  Queen  
  34  3:17  Drone  
  34  3:18  Drone  
  38  3:36  Hatchery  
  37  3:42  Drone  
  37  3:43  Drone x5  
  43  3:55  Extractor  
  42  3:59  Roach Warren  
  40  4:03  Drone  
  40  4:04  Drone x3  
  43  4:10  Drone  
  43  4:12  Evolution Chamber  
  43  4:13  Evolution Chamber  
  42  4:17  Drone x2  
  42  4:20  Overlord x2  
  44  4:34  Spore Crawler  
  44  4:35  Extractor  
  44  4:36  Drone, Spore Crawler  
  42  4:43  Glial Reconstitution  
  42  4:45  Roach x4  
  50  4:48  Overseer  
  50  4:55  Zerg Ground Armor Level 1  
  50  4:57  Roach  
  52  5:00  Drone x3  
  52  5:05  Drone x3  
  58  5:11  Drone x3  
  61  5:18  Roach x2  
  65  5:26  Drone  
  65  5:27  Overlord  
  65  5:28  Hydralisk Den  
  65  5:34  Drone  
  66  5:42  Overlord x2  
  66  5:50  Drone x8  
  74  5:58  Overlord x2  
  74  6:07  Hydralisk x4  
  82  6:12  Drone  
  82  6:13  Drone x2  
  82  6:14  Extractor  
  82  6:16  Drone  
  85  6:24  Drone x3  
  88  6:26  Hydralisk x2  
  88  6:27  Hydralisk  
  94  6:37  Spine Crawler  
  94  6:39  Spine Crawler  
  92  6:41  Hydralisk  
  92  6:44  Roach x2  
  87  7:01  Roach  
  87  7:02  Roach x6  
  86  7:08  Roach x2  
  86  7:09  Roach  
  73  7:27  Hydralisk x4  
  73  7:34  Hydralisk  
  73  7:35  Queen x3  
  73  7:39  Roach x3  
  79  7:49  Hydralisk x2  
  81  8:01  Roach x5  
  85  8:08  Hydralisk x2  
  85  8:22  Drone  
  85  8:23  Drone x6  
  92  8:28  Drone  
  93  8:39  Drone x3  
  93  8:40  Drone  
  97  8:45  Drone  
  97  8:46  Extractor  
  97  8:49  Extractor  
  97  8:52  Spore Crawler  
  95  8:56  Hydralisk  
  95  8:58  Zerg Missile Weapons Level 1  
  95  8:59  Overlord  
  95  9:00  Overlord x4  
  97  9:03  Hatchery  
  97  9:04  Grooved Spines  
  97  9:07  Drone x2  
  97  9:08  Overlord  
  98  9:17  Hydralisk  
  98  9:18  Hydralisk x3  
  106  9:25  Overseer  
  106  9:28  Drone x7  
  113  9:31  Drone  
  113  9:32  Drone  
  115  9:41  Drone x6  
  121  9:52  Hydralisk x3  
  123  9:59  Pneumatized Carapace  
  127  10:00  Hydralisk  
  127  10:03  Hydralisk  
  131  10:16  Muscular Augments  
  131  10:20  Hydralisk  
  131  10:21  Hydralisk x6  
  145  10:37  Hydralisk  
  145  10:38  Hydralisk x2  
  145  10:39  Overlord x2  
  145  10:40  Overlord x3  
  151  10:43  Drone  
  152  10:52  Overlord x2  
  152  11:01  Roach x3  
  152  11:02  Roach x6  
  152  11:03  Roach  
  172  11:10  Drone x5  
  177  11:11  Spine Crawler  
  177  11:18  Infestation Pit  
  175  11:23  Lurker Den  
Show
View Real Time Build Order
Export as new Build Order

Okejka Protoss 

Build Orders:  

Get SALT Encoding   

  12  0:00  Probe  
  13  0:13  Probe  
  14  0:19  Pylon  
  14  0:26  Probe  
  15  0:29  Assimilator  
  15  0:43  Gateway  
  15  0:45  Probe  
  16  0:54  Probe  
  16  1:02  Probe  
  18  1:14  Probe  
  19  1:20  Gateway  
  19  1:31  Probe  
  20  1:34  Cybernetics Core  
  20  1:37  Zealot  
  22  1:43  Probe  
  23  1:57  Assimilator  
  23  1:58  Pylon  
  23  2:04  Warp Gate  
  22  2:16  Adept x2  
  22  2:19  Probe  
  27  2:31  Probe  
  28  2:50  Nexus  
  28  3:12  Stalker  
  30  3:13  Probe, Twilight Council  
  31  3:32  Pylon  
  31  3:34  Pylon  
  31  3:50  Probe  
  32  3:57  Charge  
  32  4:03  Probe  
  33  4:16  Gateway  
  33  4:20  Robotics Facility  
  33  4:21  Probe x2  
  35  4:24  Gateway  
  35  4:30  Gateway  
  35  4:33  Probe  
  36  4:45  Zealot x2  
  40  4:52  Gateway  
  40  5:01  Warp Prism  
  40  5:13  Probe x2  
  44  5:30  Gateway x2  
  44  5:33  Gateway  
  44  5:49  Pylon  
  44  5:50  Pylon  
  44  6:12  Zealot x6  
  56  6:37  Zealot x6  
  64  6:56  Zealot x3  
  64  7:05  Zealot x3  
  64  7:10  Zealot  
  64  7:19  Zealot  
  64  7:20  Zealot  
  62  7:23  Zealot  
  58  7:36  Zealot x2  
  54  7:46  Zealot x3  
  58  7:54  Zealot  
  58  7:59  Sentry  
  58  8:00  Sentry x2  
  58  8:01  Sentry  
  60  8:06  Zealot  
  58  8:16  Immortal  
  46  8:34  Templar Archives  
  46  8:36  Pylon  
  46  8:49  Immortal  
  50  9:09  Zealot  
  52  9:11  Pylon  
  52  9:13  High Templar x2  
  56  9:18  Probe  
  56  9:19  Assimilator  
  57  9:28  Warp Prism  
  59  9:39  High Templar x5  
  59  9:40  High Templar  
  59  9:43  Archon  
  59  9:44  Archon x3  
  71  9:54  Zealot  
  71  9:55  Zealot x2  
  71  9:56  Immortal  
  81  10:23  Probe x2  
  83  10:28  Assimilator  
  83  10:45  Pylon  
  83  10:49  Zealot x5  
  93  11:05  Zealot  
  93  11:06  Zealot x3  
  101  11:19  Pylon  
  101  11:20  Pylon  
  101  11:32  Zealot x4  
Tags
 
Add a new tag
Caveats
  • Supply blocks, unpowered buildings, or Contaminate may cause inaccurate times.
  • Supply counts are checked every 10 seconds.